Cogmind - Beta 15 @@@ ROGUE MODE // 2025.07.14 @ 22:35:09 Player: Unmode Result: Destroyed by 6L-2LJ(j) with Overtuned Pulse Rifle Performance ------------- Evolutions (0) 0 Regions Visited (3) 600 Robots Destroyed (17) 85 Value Destroyed (500) 500 Prototype IDs (1) 20 Alien Tech Used (0) 0 Bonus (560) 560 TOTAL SCORE: 1765 Bonus ------- Registered with UFD 300 Met Optimus in HQ 500 Friendly Fire -240 Cogmind --------- Core Integrity 0/250 Matter 290/300 Energy 82/100 System Corruption 2% Temperature Cool (15) Movement Walking (170) Ox1 Location -7/Scraptown Parts ------- > --- POWER (1) -------- (None) > --- PROPULSION (2) --- Overtuned Titanium Leg > --- UTILITY (2) ------ Large Storage Unit > --- WEAPON (2) ------- Scythe DM-GVY's Chainsaw > --- INVENTORY (15) --- Ballwheel Advanced Sensor Array Improved Signal Interpreter Medium Armor Plating Improved Medium Armor Plating Peak State ------------ > --- POWER ------------ (None) > --- PROPULSION ------- Overtuned Treads Overtuned Titanium Leg > --- UTILITY ---------- Scrap Suit > --- WEAPON ----------- Scythe DM-GVY's Chainsaw > --- INVENTORY -------- Large Storage Unit Advanced Sensor Array Improved Signal Interpreter Medium Armor Plating Improved Medium Armor Plating [Rating: 27] Favorites ----------- Power Ion Engine Engine Ion Engine Power Core Nuclear Core Propulsion Light Treads Treads Light Treads Leg Overtuned Titanium Leg Wheel Compact Wheel Utility Large Storage Unit Device Structural Scanner Storage Large Storage Unit Protection Medium Armor Plating Weapon Light Assault Rifle Energy Gun EM Pulse Gun Ballistic Gun Light Assault Rifle Ballistic Cannon Improved Light Cannon Impact Weapon Hammer Slashing Weapon Chainsword Build | -11 -10 -10 -7 ------- Run | Yrd Mat Sub Scr Slots Evolved . | . . . . Power . | . . . . Propulsion . | . . . . Utility . | . . . . Weapon . | . . . . Parts Attached 36 | 7 12 2 15 Power 4 | 1 . 1 2 Engine 3 | 1 . 1 1 Core 1 | . . . 1 Reactor . | . . . . Propulsion 8 | 2 2 . 4 Treads 5 | 1 1 . 3 Leg 1 | . . . 1 Wheel 2 | 1 1 . . Hover . | . . . . Flight . | . . . . Utility 12 | 1 8 . 3 Device 4 | . 3 . 1 Storage 4 | 1 2 . 1 Processor . | . . . . Hackware . | . . . . Protection 4 | . 3 . 1 Artifact . | . . . . Weapon 12 | 3 2 1 6 Energy Gun 1 | 1 . . . Energy Cannon . | . . . . Ballistic Gun 2 | 2 . . . Ballistic Cannon 4 | . 1 1 2 Launcher . | . . . . Special Weapon . | . . . . Impact Weapon 2 | . 1 . 1 Slashing Weapon 3 | . . . 3 Piercing Weapon . | . . . . Special Melee Weapon . | . . . . Unidentified Prototypes 1 | . . . 1 Parts Lost 11 | . 3 2 6 Power 3 | . . 2 1 Propulsion 6 | . 2 . 4 Utility 1 | . 1 . . Weapon 1 | . . . 1 Highest Loss Streak 5 | . 2 1 5 To Critical Strikes . | . . . . Average Backups 11 | 3 8 13 13 Power . | . 1 1 . Propulsion 1 | 1 1 . . Utility 6 | . 4 8 7 Weapon 3 | . 1 4 4 Tool/Special . | . . . . Unused Backups 14 | . 1 . 13 Power 1 | . . . 1 Propulsion 2 | . 1 . 1 Utility 8 | . . . 8 Weapon 3 | . . . 3 Tool/Special . | . . . . Average Slot Usage (%) 89 | . 97 98 82 Engine 6 | . 14 12 . Core 1 | . . . 2 Treads 14 | . 15 14 13 Wheel 11 | . 11 14 11 Device 3 | . 6 . 1 Storage 13 | . 14 14 12 Protection 10 | . 6 14 12 Ballistic Gun 7 | . 19 . . Ballistic Cannon 4 | . 2 24 1 Impact Weapon 8 | . 6 3 11 Slashing Weapon 6 | . . . 13 Peak Build Rating 27 | 6 11 12 27 Average Rating 11 | 5 7 11 15 On Entrance 7 | . 6 11 11 Naked Turns 1 | . . . 1 Heaviest Build 46 | 12 38 40 46 Greatest Support 50 | 20 40 16 50 Greatest Overweight (x) 4 | . 4 2 3 Average Overweight (x) . | . . 2 1 Largest Inventory Capacity 15 | 8 15 15 15 Average Capacity 12 | 7 9 15 13 Most Carried 15 | 7 12 15 15 Average Carried 11 | 3 8 13 13 Final Capacity 15 | 8 15 15 15 Final Carried 15 | 7 12 15 8 Class Distribution -------------------- 86% | Mutant 7% | Derelict-Mutant 5% | Scrapper Dominant Class ---------------- Mutant | -10/Materials Mutant | -10/Subcaves Mutant | -7/Scraptown Resources | -11 -10 -10 -7 ----------- Run | Yrd Mat Sub Scr Matter Collected 1082 | 258 349 87 388 Remotely . | . . . . Salvage Created 753 | 77 238 77 361 Parts 42 | 5 15 6 16 Haulers Intercepted . | . . . . Recyclers Shooed . | . . . . Parts Field Recycled . | . . . . Retrieved Matter . | . . . . Parts Self-Destructed . | . . . . Prevented . | . . . . Kills | -11 -10 -10 -7 ------- Run | Yrd Mat Sub Scr Combat Hostiles Destroyed 14 | . 7 2 5 Melee 1 | . . . 1 Guns 7 | . 7 . . Cannons 6 | . . 2 4 Classes Destroyed 8 | 2 2 1 3 Tunneler 1 | 1 . . . Recycler 1 | 1 . . . Swarmer 3 | . 3 . . Grunt 4 | . 4 . . Subdweller 2 | . . 2 . Federalist 1 | . . . 1 Ranger 1 | . . . 1 Scrapper 4 | . . . 4 Best Kill Streak 4 | 2 4 1 3 Combat Bots Only 4 | . 4 1 3 Max Kills in Single Turn 1 | 1 1 1 1 Gunslinging . | . . . . Exploded . | . . . . Melee 1 | . . . 1 Uniques/NPCs Destroyed . | . . . . Combat | -11 -10 -10 -7 -------- Run | Yrd Mat Sub Scr Hostile Shots Fired 173 | . 71 7 95 Missed 39 | . 17 4 18 Hits 134 | . 54 3 77 Projectile 134 | . 54 3 77 Critical Strikes 7 | . 1 . 6 Damage Taken 2067 | . 585 87 1395 Core 267 | . 104 . 163 Absorbed by Shields . | . . . . Core Remaining (%) 100 | 100 . . . Volleys Fired 87 | 16 46 9 16 Largest 2 | 2 2 2 2 Hottest 77 | 40 40 66 77 Shots Fired 174 | 32 92 18 32 Gun 124 | 32 92 . . Cannon 50 | . . 18 32 Launcher . | . . . . Special . | . . . . Kinetic 174 | 32 92 18 32 Thermal . | . . . . Explosive . | . . . . Electromagnetic . | . . . . Robot Hit Streak 10 | 8 10 5 5 Robot Miss Streak 6 | 2 6 2 3 Penetration Max . | . . . . Secondary Targets 2 | . 2 . . Max Gunslinging Chain 1 | . 1 . . Shots Hit Robots 108 | 22 53 11 22 Core Hits 32 | 6 14 2 10 Critical Kills 1 | . 1 . . Critical Parts Destroyed 1 | . 1 . . Critical Strikes 4 | . 2 . 2 Destroy 2 | . 2 . . Sever 2 | . . . 2 Melee Attacks 15 | . 5 . 10 Impact 6 | . 5 . 1 Slashing 9 | . . . 9 Piercing . | . . . . Sneak Attacks 1 | . . . 1 Combat Hostiles . | . . . . Follow-up Attacks . | . . . . Damage Inflicted 1483 | 170 459 230 624 Guns 629 | 170 459 . . Cannons 616 | . . 230 386 Explosions . | . . . . Melee 238 | . . . 238 Ramming . | . . . . Kinetic 1245 | 170 459 230 386 Thermal . | . . . . Explosive . | . . . . Electromagnetic . | . . . . Impact . | . . . . Slashing 238 | . . . 238 Piercing . | . . . . Highest Corruption 2 | . 2 2 2 Average Corruption 2 | . 2 2 2 Corruption Purged . | . . . . Corruption Blocked . | . . . . Effects 28 | . 4 3 21 Message Errors 9 | . . 1 8 Matter Fused 6 | . 2 . 4 Heat Flow Errors 5 | . 2 . 3 Energy Discharges 4 | . . . 4 Data Loss (major) 3 | . . 1 2 Misfires 1 | . . 1 . Overload Shots . | . . . . Overflow Damage . | . . . . Projectiles . | . . . . Explosions . | . . . . Melee . | . . . . Knockbacks 7 | . . 4 3 Impact . | . . . . Kinetic 7 | . . 4 3 Secondary . | . . . . Self-Inflicted Damage . | . . . . Shots . | . . . . Rammed . | . . . . Targets Rammed . | . . . . Kicked . | . . . . Crushed . | . . . . Highest Temperature 562 | . 302 . 562 Average Temperature 165 | . 126 . 212 Received Heat Transfer 1079 | . 276 6 797 Effects 11 | . 1 . 10 Energy Bleed 2 | . . . 2 Interference 2 | . . . 2 Matter Decay 2 | . 1 . 1 Damage (minor) 1 | . . . 1 Damage (major) 3 | . . . 3 Damage (core) 1 | . . . 1 Siege Activations . | . . . . Martial Activations . | . . . . Shielding Activations . | . . . . Robots Disrupted . | . . . . Combat Hostiles . | . . . . Robots Corrupted . | . . . . Combat Hostiles . | . . . . Parts Fried . | . . . . Impact Corruptions . | . . . . Robots Melted . | . . . . Combat Hostiles . | . . . . Parts Melted 2 | . . 1 1 Heat Transferred . | . . . . Parts Sabotaged . | . . . . Parts Stolen . | . . . . Parts Stripped . | . . . . Power Chain Reactions . | . . . . Alert | -11 -10 -10 -7 ------- Run | Yrd Mat Sub Scr Maximum Alert Level . | . . . . Low Security (%) 100 | 100 100 . . Level 1 . | . . . . Level 2 . | . . . . Level 3 . | . . . . Level 4 . | . . . . Level 5 . | . . . . High Security . | . . . . Max Security . | . . . . Peak Influence 74 | 5 74 . . Initial . | . . . . Average 9 | . 10 . . Influence Increases 183 | 10 173 . . Destroy 0b10 Robot/C 140 | . 140 . . Destroy 0b10 Robot/NC 10 | 10 . . . Destroy Leader 30 | . 30 . . Destroy Structure 3 | . 3 . . Influence Decreases 183 | 10 173 . . Time Decay 153 | 10 143 . . Lost Part 30 | . 30 . . Squads Dispatched 1 | . 1 . . Investigation . | . . . . Extermination . | . . . . Reinforcement 1 | . 1 . . Assault . | . . . . Garrison . | . . . . Intercept . | . . . . Searches Triggered . | . . . . Construction Impeded . | . . . . Haulers Reinforced . | . . . . Active Scanning Responses . | . . . . Cargo Convoy Interrupts . | . . . . Stealth | -11 -10 -10 -7 --------- Run | Yrd Mat Sub Scr Distress Signals . | . . . . Communications Jammed . | . . . . Distress Signals . | . . . . Times Spotted 41 | . 9 5 27 Peak Tracking Total 5 | . 4 2 5 Tactical Retreats . | . . . . Traps | -11 -10 -10 -7 ------- Run | Yrd Mat Sub Scr Traps Triggered 2 | . 2 . . Indirectly . | . . . . Trap Hack Attempts . | . . . . Triggered . | . . . . Disarmed . | . . . . Reprogrammed . | . . . . Reused . | . . . . Traps Extracted . | . . . . Installed . | . . . . Triggered . | . . . . Machines | -11 -10 -10 -7 ---------- Run | Yrd Mat Sub Scr Machines Disabled 3 | . . . 3 Max in Single Turn 1 | . . . 1 Machines Repaired . | . . . . Machines Dismantled . | . . . . Machines Sabotaged . | . . . . Overloaded Fab Kills . | . . . . Hacking | -11 -10 -10 -7 --------- Run | Yrd Mat Sub Scr Machines Accessed 9 | . 3 . 6 Terminals 3 | . 3 . . Fabricators . | . . . . Repair Stations . | . . . . Recycling Units . | . . . . Scanalyzers . | . . . . Garrison Access . | . . . . Total Hacks 43 | . 6 . 37 Successful 39 | . 2 . 37 Failed 4 | . 4 . . Catastrophic 3 | . 3 . . Database Lockouts . | . . . . Manual 5 | . 5 . . Terminals 6 | . 6 . . Fabricators . | . . . . Repair Stations . | . . . . Recycling Units . | . . . . Scanalyzers . | . . . . Garrison Access . | . . . . Terminal Hacks 39 | . 2 . 37 Record 38 | . 1 . 37 Locate Traps 1 | . 1 . . Fabricator Hacks . | . . . . Repair Station Hacks . | . . . . Recycling Unit Hacks . | . . . . Scanalyzer . | . . . . Garrison Access Hacks . | . . . . Unauthorized Hacks . | . . . . Terminals . | . . . . Fabricators . | . . . . Repair Stations . | . . . . Recycling Units . | . . . . Scanalyzers . | . . . . Garrison Access . | . . . . Data Cores Recovered . | . . . . Used . | . . . . Hacking Detections 3 | . 3 . . Full Trace Events . | . . . . Feedback Events . | . . . . Feedback Blocked . | . . . . Robot Schematics Acquired . | . . . . Robots Built . | . . . . Authchips . | . . . . Time . | . . . . Total Robot Build Rating . | . . . . Part Schematics Acquired . | . . . . Parts Built . | . . . . Authchips . | . . . . Time . | . . . . Total Part Build Rating . | . . . . Parts Repaired . | . . . . Time . | . . . . Parts Recycled . | . . . . Recycled Matter . | . . . . Retrieved Matter . | . . . . Retrieved Components . | . . . . Parts Scanalyzed . | . . . . Part Schematics Acquired . | . . . . Parts Damaged . | . . . . Bothacking | -11 -10 -10 -7 ------------ Run | Yrd Mat Sub Scr Used RIF Installer . | . . . . Robots Hacked . | . . . . Non-combat . | . . . . Combat . | . . . . Robot Hacks Applied . | . . . . Relay Couplers Released . | . . . . Fabnet Peak Effective % . | . . . . Robots Rewired . | . . . . Allies Hacked . | . . . . Hacks Repelled . | . . . . Allies | -11 -10 -10 -7 -------- Run | Yrd Mat Sub Scr Total Allies . | . . . . Largest Group . | . . . . Highest-Rated Group . | . . . . Highest-Rated Ally . | . . . . Total Orders . | . . . . Ally Attacks . | . . . . Total Damage . | . . . . Kills . | . . . . Allies Corrupted . | . . . . Allies Melted 8 | . . . 8 Intel | -11 -10 -10 -7 ------- Run | Yrd Mat Sub Scr Active Infowar (turns) 562 | . 562 . . Structural 509 | . 509 . . Seismic 53 | . 53 . . Robot Analysis Total . | . . . . Derelict Logs Recovered . | . . . . Drone Launches . | . . . . Drone Recoveries . | . . . . Exploration | -11 -10 -10 -7 ------------- Run | Yrd Mat Sub Scr Turns Passed 3172 | 163 1133 293 1583 Spaces Moved 2136 | 68 631 200 1237 Core 29 | 3 3 . 23 Treads 626 | 65 453 . 108 Legs 2 | . . . 2 Wheels 1479 | . 175 200 1104 Hover . | . . . . Flight . | . . . . Fastest Speed 50 | 50 115 130 50 Average Speed 130 | 155 151 130 119 Slowest Speed 250 | 160 250 130 225 Overloaded Moves . | . . . . Propulsion Burnouts . | . . . . Robots Hopped . | . . . . Potential Cave-ins . | . . . . Cave-ins Triggered . | . . . . Exploration Rate (%) 45 | 4 80 24 74 Regions Visited 3 Branch Regions 2 Pre-discovered Areas . | . . . . Known Exits Taken . | . . . . Unknown Exits Taken 3 | 1 1 1 . Scrap Searched 3 | . . . 3 Spaces Dug 3 | . 3 . . Terrain Destroyed 7 | . 3 . 4 Melee 3 | . 3 . . Projectile 4 | . . . 4 AOE . | . . . . Terrain Rammed . | . . . . Walls Destroyed . | . . . . Machines Disabled . | . . . . Actions | -11 -10 -10 -7 --------- Run | Yrd Mat Sub Scr Total 2341 | 97 725 215 1304 Wait 11 | . 6 2 3 Move 2133 | 67 630 199 1237 Hop . | . . . . Pick Up 30 | 7 12 3 8 Fast Attach 22 | 6 6 1 9 Attach 6 | . 3 . 3 Detach 1 | . . . 1 Swap 17 | 1 9 1 6 Drop 21 | . 8 . 13 Fire 87 | 16 46 9 16 Melee 13 | . 5 . 8 Ram . | . . . . Kick . | . . . . Crush . | . . . . Escape Stasis . | . . . . Rewire . | . . . . Trap . | . . . . Miscellaneous . | . . . . Route ------- -11/Scrapyard -10/Materials (discovered 5 exits: [*Mat x3] / [*Min] / [*Sub]) -10/Subcaves -7/Scraptown (discovered 2 exits: Fac x2) History --------- Turn | Location | Event 4 | -11/Scrapyard | Discovered new exit (range 15) 164 | -11/Scrapyard | Entered Materials 165 | -10/Materials | Met a group of wandering Federalists 278 | -10/Materials | Discovered new exit (range 13) 311 | -10/Materials | Build established: Mutant 381 | -10/Materials | Discovered new exit (range 7) 570 | -10/Materials | Discovered new exit (range 9) 980 | -10/Materials | Discovered new exit (range 7) 1017 | -10/Materials | Discovered new exit (range 16) 1297 | -10/Materials | Entered Subcaves 1298 | -10/Subcaves | Continued accompanying wandering Federalists (4) 1298 | -10/Subcaves | Approached by a straggling Scientist 1410 | -10/Subcaves | Lost 3 allies 1544 | -10/Subcaves | Wandering Federalist uncovered a shortcut to Scraptown 1590 | -10/Subcaves | Entered Scraptown 1704 | -7/Scraptown | Heard Great Nut preacher, LISTEN AND RECITE! 1935 | -7/Scraptown | Visited TADAMA 2029 | -7/Scraptown | Visited Cyclists 2081 | -7/Scraptown | Visited Assassins FH 2104 | -7/Scraptown | Visited Symbiants 2145 | -7/Scraptown | Visited Comm Corps 2223 | -7/Scraptown | Visited UFD Registry 2242 | -7/Scraptown | Visited Science Testing Area 2437 | -7/Scraptown | Registered with UFD as "Fluxflow" 2578 | -7/Scraptown | Visited Observation Area 2654 | -7/Scraptown | Visited DA-N13 Charitable Foundation 2660 | -7/Scraptown | Found DCF Scrap (28 items) 2845 | -7/Scraptown | Met Optimus 2845 | -7/Scraptown | Accepted into 0bPrime 2899 | -7/Scraptown | Civil war broke out across Scraptown 2920 | -7/Scraptown | Core integrity fell below 50% 2969 | -7/Scraptown | Lost 10 allies 2974 | -7/Scraptown | Identified exit to Factory 2990 | -7/Scraptown | Released all parts (3) 2994 | -7/Scraptown | Visited Abandonware Association 3001 | -7/Scraptown | Found Prototype Slashing Weapon 3001 | -7/Scraptown | Identified DM-GVY's Chainsaw 3004 | -7/Scraptown | Found Scrap Suit 3010 | -7/Scraptown | Lost 3 allies 3019 | -7/Scraptown | Lost 5 parts (1p3n1w) 3030 | -7/Scraptown | Visited Curators Association 3095 | -7/Scraptown | Core integrity fell below 20% 3112 | -7/Scraptown | Optimus destroyed in the chaos of civil war 3172 | -7/Scraptown | Found Prototype Wheel 3173 | -7/Scraptown | Destroyed by 6L-2LJ(j) with Overtuned Pulse Rifle Last Messages --------------- 03087_ PF-ZR6(j) heat short circuits Scrap Suit. 03092_ Critical hit (Burn: +50). 03104_ Bolt penetrates PF-ZR6(j). 03104_ PF-ZR6(j) destroyed. 03104_ Penetrated by Bolt. 03106_ C2-AAF(h) switches sides: "I hope I'm right about this..." 03112_ ANNOUNCEMENT: The traitor Optimus has been dealt with. Put down any remaining collaborators. 03123_ System corrupted: Heat flow error (+292). 03126_ Acquired Ovr. Titanium Leg. 03132_ Acquired 10 matter. 03135_ Critical hit (Burn: +50). 03135_ 38-6Q2(j) Ovr. Titanium Leg severed. 03139_ System corrupted: Substantial component data lost. 03142_ 38-6Q2(j) destroyed. 03148_ UQ-H2O(g) Salvaging Laser severed. 03164_ UQ-H2O(g) suffers critical hit (Burn). 03169_ Ovr. Treads destroyed. 03169_ Discarded Scrap Suit. 03172_ Acquired Prototype Wheel. Map ----- +----------------------------------------------------+ | | | | | ?????????????????????????????????????????????????? | | ?????????????????????????????????????????????????? | | ?????????????????????????????????????????????????? | | ?????????????????????????????????????????????????? | | ?????????????????????????????????????????????????? | | ?????????????????????????????????????????????????? | | ?????????????????????????????????????????????????? | | ?????????????????????????????????????????????????? | | ?????????????????????????????????????????????????? | | ?????????????????????????????????????????????????? | | ?????????????????????????????????????????????????? | | ?????????????????????????????????????????????????? | | ?????????????????????????????????????????????????? | | ?????????????????????????????????????????????????? | | ???????????????????????????